[Event "Titled Tuesday Blitz April 12 Late 2022"]
[White "Najer, Evgeniy"]
[Black "Sheng, Joshua"]
[WhiteFideId "4118987"]
[BlackFideId "2057360"]
[WhiteElo "2562"]
[BlackElo "2142"]
[Result "1-0"]
[Round "04"]
[TimeControl "180+1"]
[Date "2022.04.12"]
[WhiteClock "0:01:39"]
[BlackClock "0:00:17"]

1. e4 c5 2. Nc3 d6 3. Bc4 Nc6 4. d3 a6 5. a3 Nf6 6. h3 e6 7. Ba2 g6 8. Nf3 Bg7 9. O-O O-O 10. Be3 b5 11. Qd2 Bb7 12. Bh6 Nd4 13. Nxd4 cxd4 14. Ne2 e5 15. Bxg7 Kxg7 16. f4 Qe7 17. c3 dxc3 18. Nxc3 Rad8 19. Rae1 exf4 20. Rxf4 Nh5 21. Rf2 Qe5 22. d4 Qe7 23. Ref1 a5 24. Rxf7+ 1-0


[Site "https://www.chess.com"]

[Event "Titled Tuesday Blitz April 12 Late 2022"]
[White "Nakamura, Hikaru"]
[Black "Indjic, Aleksandar"]
[WhiteFideId "2016192"]
[BlackFideId "911925"]
[WhiteElo "2850"]
[BlackElo "2616"]
[Result "1-0"]
[Round "04"]
[TimeControl "180+1"]
[Date "2022.04.12"]
[WhiteClock "0:01:14"]
[BlackClock "0:00:12"]

1. Nf3 c5 2. b3 d6 3. Bb2 e5 4. e3 f5 5. Bb5+ Bd7 6. Bxd7+ Qxd7 7. O-O Nf6 8. Ne1 Nc6 9. f4 Be7 10. c4 Rg8 11. Nc3 Qe6 12. Nf3 e4 13. Ng5 Qd7 14. d3 h6 15. Nh3 exd3 16. Qxd3 O-O-O 17. Rad1 Qe6 18. Nd5 Ne4 19. Nf2 Kb8 20. Nxe4 fxe4 21. Qc2 Bf6 22. f5 Qf7 23. Nxf6 gxf6 24. Qxe4 Ne5 25. Rd2 Rg4 26. Rf4 Rgg8 27. Qd5 Qe7 28. Qe6 Qg7 29. Qd5 h5 30. Rff2 Qe7 31. Qe6 Qg7 32. Rxd6 Nf3+ 33. Kh1 Nxh2 34. Bxf6 Qg3 35. Rxd8+ Rxd8 36. Be5+ Ka8 37. Bxg3 1-0


[Site "https://www.chess.com"]

[Event "Titled Tuesday Blitz April 12 Late 2022"]
[White "Naroditsky, Daniel"]
[Black "Vasquez Schroeder, Rodrigo"]
[WhiteFideId "2026961"]
[BlackFideId "3400042"]
[WhiteElo "2608"]
[BlackElo "2561"]
[Result "1/2-1/2"]
[Round "04"]
[TimeControl "180+1"]
[Date "2022.04.12"]
[WhiteClock "0:00:15"]
[BlackClock "0:00:29"]

1. Nf3 c5 2. c4 Nf6 3. Nc3 e6 4. d4 cxd4 5. Nxd4 Bb4 6. Bd2 Nc6 7. Nc2 Bc5 8. Be3 Bxe3 9. Nxe3 d6 10. g3 O-O 11. Bg2 Qe7 12. O-O Rd8 13. Rc1 Bd7 14. Qb3 Be8 15. Rfd1 Rac8 16. Qa3 a6 17. Na4 Ne5 18. Nb6 Rc7 19. b4 Bc6 20. f3 d5 21. cxd5 Bxd5 22. Nbxd5 Nxd5 23. Nxd5 exd5 24. Rxc7 Qxc7 25. Qe3 Nc6 26. a3 d4 27. Qf2 Qb6 28. f4 a5 29. bxa5 Nxa5 30. Be4 g6 31. f5 Kg7 32. fxg6 hxg6 33. Rb1 Qe6 34. Bd3 Rd7 35. h4 Nc4 36. h5 Ne3 37. Qf3 1/2-1/2


[Site "https://www.chess.com"]

[Event "Titled Tuesday Blitz April 12 Late 2022"]
[White "Nazaretyan, Tigran"]
[Black "Friedel, Tom"]
[WhiteFideId "24162345"]
[BlackFideId "2002108"]
[WhiteElo "2225"]
[BlackElo "2402"]
[Result "1-0"]
[Round "04"]
[TimeControl "180+1"]
[Date "2022.04.13"]
[WhiteClock "0:00:41"]
[BlackClock "0:00:12"]

1. d4 d5 2. c4 e6 3. Nf3 Nf6 4. Nc3 Be7 5. Bf4 Nbd7 6. e3 b6 7. cxd5 Nxd5 8. Nxd5 exd5 9. Bd3 O-O 10. O-O Bb7 11. Qc2 c5 12. Bxh7+ Kh8 13. Bf5 Nf6 14. Ne5 Kg8 15. Qe2 Re8 16. Qf3 Bd6 17. Rfd1 cxd4 18. exd4 Re7 19. Re1 Rc7 20. Bg5 Be7 21. Qh3 Bc8 22. Bxf6 Bxf5 23. Bxe7 Qc8 24. Qh4 f6 25. Bxf6 gxf6 26. Qxf6 Qf8 27. Qxf8+ Kxf8 28. Rac1 Rac8 29. Rxc7 Rxc7 30. g4 Bc8 31. Re2 Rc1+ 32. Kg2 Rd1 33. Rc2 Be6 34. Rc6 Ke7 35. h3 Rxd4 36. Rxb6 Rxg4+ 37. hxg4 axb6 38. f4 d4 39. b3 Bd5+ 40. Kf2 Kf6 41. Ke2 Be4 42. Nc4 b5 43. Nd2 Bc6 44. Kd3 Bd7 45. f5 Kg5 46. Ne4+ Kf4 47. Kxd4 Bc6 48. f6 Be8 49. g5 Kf5 50. Nd6+ Kxg5 51. Nxe8 Kg6 52. Ke5 Kf7 53. Nd6+ 1-0


[Site "https://www.chess.com"]

[Event "Titled Tuesday Blitz April 12 Late 2022"]
[White "Noboa Silva, Kevin"]
[Black "Papasimakopoulos, Alexandros"]
[WhiteFideId "3618471"]
[BlackFideId "4244125"]
[WhiteElo "2172"]
[BlackElo "2340"]
[Result "0-1"]
[Round "04"]
[TimeControl "180+1"]
[Date "2022.04.12"]
[WhiteClock "0:00:01"]
[BlackClock "0:00:22"]

1. d4 e6 2. c4 Nf6 3. Nc3 Bb4 4. e3 O-O 5. Bd3 d5 6. a3 Be7 7. Nf3 Nbd7 8. O-O a6 9. b4 dxc4 10. Bxc4 b6 11. e4 Bb7 12. e5 Ne4 13. Nxe4 Bxe4 14. Re1 Bb7 15. Bb2 a5 16. b5 c6 17. bxc6 Bxc6 18. Rc1 b5 19. Bd3 Rc8 20. Qe2 Qb6 21. h4 Rfd8 22. Bb1 Nf8 23. h5 h6 24. Nh2 b4 25. Ng4 bxa3 26. Bc3 Bg5 27. Rcd1 Ba4 28. Rd3 Bb5 29. Bd2 Bxd3 30. Bxd3 Qxd4 31. Bxg5 hxg5 32. Ba6 Ra8 33. h6 Rxa6 34. hxg7 Kxg7 35. Qf3 Qf4 36. Qh3 Nh7 37. Qh6+ Kg8 38. Nf6+ Nxf6 39. exf6 Qxf6 40. Qxf6 Rd5 41. Qc3 Ra8 42. Qxa3 a4 43. g3 Rb5 44. Ra1 Rba5 45. Kg2 R8a7 46. Ra2 Ra8 47. Qb4 a3 48. g4 Ra4 49. Qb7 Rxg4+ 50. Kh3 Rh4+ 51. Kg3 Rha4 52. Qc6 Kg7 53. Qc3+ Kg6 54. f3 f6 55. Kf2 R4a5 56. Qc7 R5a7 57. Qc6 Ra6 58. Qd7 e5 59. Ke3 R6a7 60. Qe6 Ra6 61. Qd5 Ra4 62. Qb7 R4a6 63. Qb3 R6a7 64. Qc2+ Kg7 0-1


[Site "https://www.chess.com"]

[Event "Titled Tuesday Blitz April 12 Late 2022"]
[White "Novikova, Galina"]
[Black "Putri, Regita Desyari"]
[WhiteFideId "4157095"]
[BlackFideId "7109083"]
[WhiteElo "1863"]
[BlackElo "1930"]
[Result "1-0"]
[Round "04"]
[TimeControl "180+1"]
[Date "2022.04.13"]
[WhiteClock "0:00:15"]
[BlackClock "0:00:05"]

1. e4 e5 2. Nf3 Nc6 3. d4 exd4 4. Nxd4 Bc5 5. Nb3 Bb6 6. Nc3 Nf6 7. Qe2 d6 8. Be3 Be6 9. O-O-O Qe7 10. g3 O-O-O 11. Bg2 Kb8 12. Bxb6 axb6 13. h3 g5 14. f4 gxf4 15. gxf4 Rhg8 16. Rhg1 Nd7 17. Kb1 Qf6 18. Qd2 Rg3 19. e5 Qe7 20. exd6 cxd6 21. Rge1 Rdg8 22. Bxc6 bxc6 23. f5 Rg2 24. Qd3 Kb7 25. fxe6 fxe6 26. Qxd6 Qxd6 27. Rxd6 Kc7 28. Rexe6 Rg1+ 29. Nc1 Rh1 30. Rxc6+ Kb7 31. Rcd6 Kc7 32. Nb5+ Kd8 33. Nd4 Rgg1 34. Ne2 Re1 35. b3 Kc7 36. Kb2 Nc5 37. Rc6+ Kd7 38. Red6+ Ke7 39. Rh6 Kd7 40. Rxb6 Ne4 41. Rxh7+ Kc8 42. Rg6 Nd6 43. Rg8+ 1-0


[Site "https://www.chess.com"]

[Event "Titled Tuesday Blitz April 12 Late 2022"]
[White "O`Gorman, Tom"]
[Black "Mikhailov, Viacheslav"]
[WhiteFideId "2508249"]
[BlackFideId "4187369"]
[WhiteElo "2247"]
[BlackElo "2381"]
[Result "0-1"]
[Round "04"]
[TimeControl "180+1"]
[Date "2022.04.12"]
[WhiteClock "0:00:17"]
[BlackClock "0:01:19"]

1. e4 d6 2. d4 Nf6 3. Nc3 g6 4. f4 Bg7 5. Nf3 O-O 6. e5 dxe5 7. fxe5 Nd5 8. Bc4 Nxc3 9. bxc3 c5 10. O-O Nc6 11. Be3 Bg4 12. h3 Bxf3 13. Rxf3 e6 14. Qd2 Qa5 15. Rf4 Rad8 16. Rd1 Bxe5 17. Rh4 cxd4 18. Bxd4 Nxd4 19. cxd4 Qxd2 20. Rxd2 Bg7 21. Re4 Rd6 22. Bb3 Rfd8 23. c3 b5 24. Rde2 a5 25. a4 b4 26. cxb4 Bxd4+ 27. Kf1 axb4 28. Rd2 e5 29. Ke2 Kg7 30. Kf3 f5 31. Re1 e4+ 32. Kg3 Be5+ 0-1


[Site "https://www.chess.com"]

[Event "Titled Tuesday Blitz April 12 Late 2022"]
[White "Ozates, Tuna"]
[Black "Stelmaszyk, Nico"]
[WhiteFideId "6354521"]
[BlackFideId "16200462"]
[WhiteElo "1887"]
[BlackElo "2119"]
[Result "1/2-1/2"]
[Round "04"]
[TimeControl "180+1"]
[Date "2022.04.13"]
[WhiteClock "0:00:26"]
[BlackClock "0:00:17"]

1. c4 c5 2. Nc3 Nc6 3. g3 g6 4. Bg2 Bg7 5. d3 d6 6. e4 e5 7. Nge2 Nge7 8. O-O O-O 9. a3 a6 10. Rb1 Rb8 11. b4 cxb4 12. axb4 b5 13. c5 dxc5 14. bxc5 Be6 15. Be3 Nd4 16. f4 Bg4 17. Bxd4 exd4 18. Nd5 Nxd5 19. exd5 Re8 20. Rf2 Re3 21. Qd2 Rc8 22. c6 Qe7 23. Re1 Re8 24. Kf1 b4 25. h3 Bxe2+ 26. Rfxe2 a5 27. Be4 Qd6 28. Rxe3 dxe3 29. Qxe3 b3 30. Qb6 b2 31. Qb7 Rf8 32. c7 Qd7 33. d6 Qxh3+ 34. Bg2 Qf5 35. Be4 Qe6 36. Qc6 Qh3+ 37. Kf2 Bd4+ 38. Kf3 Qh5+ 39. Kg2 b1=Q 40. Rxb1 Qe2+ 41. Kh1 Qh5+ 42. Kg2 Qe2+ 43. Kh3 Qh5+ 44. Kg2 1/2-1/2


[Site "https://www.chess.com"]

[Event "Titled Tuesday Blitz April 12 Late 2022"]
[White "Pakleza, Zbigniew"]
[Black "Shapiro, David"]
[WhiteFideId "1119290"]
[BlackFideId "24133523"]
[WhiteElo "2467"]
[BlackElo "2320"]
[Result "1-0"]
[Round "04"]
[TimeControl "180+1"]
[Date "2022.04.12"]
[WhiteClock "0:00:53"]
[BlackClock "0:00:04"]

1. d4 d5 2. Bf4 c5 3. c3 Nc6 4. e3 Nf6 5. Nd2 Bf5 6. Ngf3 e6 7. Bb5 Bd6 8. Qa4 Qc7 9. Bxd6 Qxd6 10. Bxc6+ Qxc6 11. Qxc6+ bxc6 12. dxc5 Nd7 13. b4 e5 14. Nb3 Ke7 15. Na5 Rhc8 16. Ke2 Rab8 17. h3 f6 18. Rhc1 g5 19. a3 h5 20. c4 g4 21. Nh4 Be6 22. hxg4 hxg4 23. Rc3 Kf7 24. Rd1 f5 25. Nxc6 Rxc6 26. cxd5 Bxd5 27. Rxd5 Ke6 28. Rcd3 Rb7 1-0


[Site "https://www.chess.com"]

[Event "Titled Tuesday Blitz April 12 Late 2022"]
[White "Papp, Levente"]
[Black "Tari, Aryan"]
[WhiteFideId "751243"]
[BlackFideId "1510045"]
[WhiteElo "2308"]
[BlackElo "2567"]
[Result "0-1"]
[Round "04"]
[TimeControl "180+1"]
[Date "2022.04.12"]
[WhiteClock "0:00:03"]
[BlackClock "0:00:41"]

1. c4 c6 2. e4 d5 3. exd5 cxd5 4. d4 Nf6 5. Nc3 g6 6. Qb3 Bg7 7. cxd5 O-O 8. Be2 Na6 9. Bf3 Qb6 10. Nge2 Rd8 11. Qxb6 axb6 12. Bf4 Nb4 13. O-O Nfxd5 14. Nxd5 Nxd5 15. Be5 Be6 16. a3 Rac8 17. Bxg7 Kxg7 18. Rac1 Kf8 19. g3 Ke8 20. Rfd1 Rc6 21. Kf1 Rdc8 22. Ke1 Kd7 23. Kd2 g5 24. Bxd5 Bxd5 25. Nc3 Bf3 26. Re1 Rh6 27. Na4 Rxc1 28. Rxc1 g4 29. Rc3 Rxh2 30. Nxb6+ Ke6 31. Ke3 Rh1 32. Kf4 Rf1 33. Re3+ Kf6 34. Nd7+ Kg7 35. Rxe7 Rxf2 36. Ne5 Bd5+ 37. Kxg4 Kf6 38. Re8 Be6+ 39. Rxe6+ Kxe6 40. b4 Ra2 41. Nd3 b6 42. Nf4+ Kd6 43. Kf5 Rxa3 44. g4 Rb3 45. Kf6 Rxb4 46. g5 Rxd4 47. Nh5 Rh4 48. Ng7 Rf4+ 49. Nf5+ Kd5 0-1


[Site "https://www.chess.com"]

[Event "Titled Tuesday Blitz April 12 Late 2022"]
[White "Papp, Petra"]
[Black "Shuvalova, Polina"]
[WhiteFideId "739049"]
[BlackFideId "24171760"]
[WhiteElo "2259"]
[BlackElo "2355"]
[Result "0-1"]
[Round "04"]
[TimeControl "180+1"]
[Date "2022.04.13"]
[WhiteClock "0:00:04"]
[BlackClock "0:00:43"]

1. e4 c5 2. Nf3 d6 3. Bb5+ Bd7 4. Bxd7+ Nxd7 5. O-O Ngf6 6. Re1 Ne5 7. b3 Nxf3+ 8. Qxf3 g6 9. Bb2 Bg7 10. Nc3 O-O 11. Nd5 Nd7 12. Bxg7 Kxg7 13. c4 e6 14. Qc3+ Kg8 15. Ne3 e5 16. Qd3 Nb8 17. Rf1 Nc6 18. f4 Nb4 19. Qc3 f6 20. Nd5 Nxd5 21. exd5 Qe7 22. Rae1 Rae8 23. Qh3 f5 24. fxe5 dxe5 25. d3 Qd6 26. Re2 Re7 27. Rfe1 Rfe8 28. Qg3 b5 29. h4 bxc4 30. dxc4 Qf6 31. Rd1 e4 32. d6 Rd7 33. Rd5 f4 34. Qg5 Rxd6 35. Qxf6 Rxf6 36. Rxc5 e3 37. Rc7 a5 38. c5 Rd8 39. c6 Rd1+ 40. Kh2 Rc1 41. Rc8+ Rf8 42. Rc7 Rf6 43. Rc8+ Kg7 44. c7 Rfc6 45. Kh3 h5 46. a3 Rh1# 0-1


[Site "https://www.chess.com"]

[Event "Titled Tuesday Blitz April 12 Late 2022"]
[White "Pichot, Alan"]
[Black "Andreikin, Dmitry"]
[WhiteFideId "110973"]
[BlackFideId "4158814"]
[WhiteElo "2579"]
[BlackElo "2736"]
[Result "1/2-1/2"]
[Round "04"]
[TimeControl "180+1"]
[Date "2022.04.12"]
[WhiteClock "0:01:48"]
[BlackClock "0:01:41"]

1. e4 c5 2. Nf3 e6 3. d4 cxd4 4. Nxd4 Nc6 5. Nc3 a6 6. Be2 d6 7. O-O Nf6 8. Be3 Be7 9. f4 O-O 10. Kh1 e5 11. Nxc6 bxc6 12. fxe5 dxe5 13. Qe1 Rb8 14. Rb1 Kh8 15. Qg3 Qa5 16. a3 Be6 17. Bg5 Ng8 18. Be3 Nf6 19. Bg5 Ng8 20. Be3 Nf6 1/2-1/2


[Site "https://www.chess.com"]

[Event "Titled Tuesday Blitz April 12 Late 2022"]
[White "Plazuelo Pascual, Juan"]
[Black "Kazakouski, Valery"]
[WhiteFideId "32059566"]
[BlackFideId "13507443"]
[WhiteElo "2359"]
[BlackElo "2524"]
[Result "0-1"]
[Round "04"]
[TimeControl "180+1"]
[Date "2022.04.13"]
[WhiteClock "0:00:02"]
[BlackClock "0:00:12"]

1. e4 c5 2. Nf3 a6 3. c3 d5 4. exd5 Qxd5 5. d4 Bg4 6. Be2 Nf6 7. Be3 cxd4 8. Qxd4 Nc6 9. Qb6 Qd7 10. O-O Nd5 11. Qb3 Nxe3 12. fxe3 e6 13. Nbd2 Bc5 14. Nc4 Qc7 15. a4 O-O 16. Kh1 Rad8 17. Rad1 h6 18. Qc2 b5 19. axb5 axb5 20. Ncd2 Qb6 21. e4 Be3 22. Nb3 b4 23. Rxd8 Rxd8 24. Rd1 Rb8 25. Nfd4 Ne5 26. h3 Bxe2 27. Qxe2 Bg5 28. c4 Be7 29. Nf3 Ng6 30. e5 Rc8 31. Qe4 Qf2 32. Rd2 Qf1+ 33. Kh2 Qxc4 34. Qxc4 Rxc4 35. Nbd4 Bc5 36. Ne2 Re4 37. Rd8+ Bf8 38. Ned4 Kh7 39. Nc6 Re2 40. Rd7 Rxb2 41. Rxf7 Rc2 42. Nd8 b3 43. Rb7 b2 44. Nxe6 Kg8 45. Nfd4 Rd2 46. Nf3 Re2 47. Nfd4 Rxe5 48. Rxb2 Bd6 49. Rb6 Rd5+ 50. Kh1 Nf4 51. Nxf4 Rxd4 52. Ne2 Rd1+ 53. Ng1 Rxg1+ 54. Kxg1 Bc5+ 0-1


[Site "https://www.chess.com"]

[Event "Titled Tuesday Blitz April 12 Late 2022"]
[White "Prohorov, Olexandr"]
[Black "Karttunen, Mika"]
[WhiteFideId "14105578"]
[BlackFideId "502081"]
[WhiteElo "1993"]
[BlackElo "2343"]
[Result "0-1"]
[Round "04"]
[TimeControl "180+1"]
[Date "2022.04.13"]
[WhiteClock "0:00:04"]
[BlackClock "0:00:17"]

1. Nf3 Nf6 2. d4 e6 3. g3 b6 4. Bg2 Bb7 5. O-O Be7 6. c4 O-O 7. Nc3 d5 8. cxd5 exd5 9. Bf4 c6 10. Rc1 Nbd7 11. a3 a5 12. Qc2 Re8 13. Rfd1 Bf8 14. Ne5 Qe7 15. f3 Nxe5 16. Bxe5 Nd7 17. Bf4 Qd8 18. e4 Nf6 19. e5 Nd7 20. Rb1 f6 21. exf6 Nxf6 22. b4 axb4 23. axb4 Bd6 24. Bg5 h6 25. Bc1 Qe7 26. f4 b5 27. Bd2 Qf7 28. Qd3 Bc8 29. Re1 Bg4 30. h3 Bd7 31. Kh2 Qh5 32. Rxe8+ Rxe8 33. Re1 Ra8 34. Nd1 Bf5 35. Qf3 Bg4 36. Qf1 Ra2 0-1


[Site "https://www.chess.com"]

[Event "Titled Tuesday Blitz April 12 Late 2022"]
[White "Przybylski, Wojciech"]
[Black "Hardaway, Brewington"]
[WhiteFideId "1117599"]
[BlackFideId "30941849"]
[WhiteElo "2133"]
[BlackElo "1768"]
[Result "1/2-1/2"]
[Round "04"]
[TimeControl "180+1"]
[Date "2022.04.13"]
[WhiteClock "0:00:05"]
[BlackClock "0:00:08"]

1. d4 Nf6 2. c4 e6 3. Nf3 b6 4. g3 Bb7 5. Bg2 h6 6. O-O Be7 7. Nc3 O-O 8. Qc2 c5 9. e3 d5 10. b3 dxc4 11. bxc4 Nc6 12. Bb2 cxd4 13. exd4 Nxd4 14. Nxd4 Bxg2 15. Nxe6 Qc8 16. Kxg2 Qc6+ 17. Kg1 fxe6 18. Ne2 Bc5 19. Nd4 Qe4 20. Qxe4 Nxe4 21. Nxe6 Rxf2 22. Rxf2 Bxf2+ 23. Kg2 Bc5 24. Nxg7 Rf8 25. Rf1 Rxf1 26. Kxf1 Nd2+ 27. Ke2 Nxc4 28. Bc3 Kf7 29. Nf5 h5 30. Kd3 Na3 31. Ng7 Kg6 32. Ne6 Bd6 33. Ke4 Nb5 34. Be1 Kf6 35. Nf4 Kg5 36. Nh3+ Kg6 37. Nf4+ Bxf4 38. gxf4 Nd6+ 39. Ke5 Nf5 40. Bf2 Ng7 41. Bh4 b5 42. Bd8 a6 43. Ba5 Nf5 44. Be1 Ne3 45. h3 Nc4+ 46. Ke6 Ne3 47. Bh4 Nf5 48. Be1 Ng7+ 49. Ke5 Nf5 50. Bf2 Nh6 51. Bb6 Nf7+ 52. Ke6 Nh6 53. Bd8 Nf5 54. Bb6 b4 55. Ba5 b3 56. axb3 Nd4+ 57. Ke5 Nxb3 58. f5+ Kf7 59. Bc3 Nc5 60. Kd5 Nd3 61. Ke4 Nf2+ 62. Kf3 Nxh3 63. Kg3 Ng5 64. Kh4 Ne4 65. Bb2 Nd6 66. f6 Ne4 67. Kxh5 Nxf6+ 68. Kg5 Nd5 69. Kf5 Ke7 70. Ke5 Nc7 71. Kd4 Kd7 72. Kc5 Kc8 73. Kb6 Kd7 74. Be5 a5 75. Kxa5 1/2-1/2


[Site "https://www.chess.com"]

[Event "Titled Tuesday Blitz April 12 Late 2022"]
[White "Rasulov, Vugar"]
[Black "Caruana, Fabiano"]
[WhiteFideId "13402390"]
[BlackFideId "2020009"]
[WhiteElo "2560"]
[BlackElo "2744"]
[Result "0-1"]
[Round "04"]
[TimeControl "180+1"]
[Date "2022.04.12"]
[WhiteClock "0:00:01"]
[BlackClock "0:00:08"]

1. d4 Nf6 2. c4 e6 3. Nc3 Bb4 4. Bd2 c5 5. a3 Bxc3 6. Bxc3 Ne4 7. Qd3 Nxc3 8. Qxc3 cxd4 9. Qxd4 O-O 10. Nf3 Nc6 11. Qd6 b6 12. e3 Bb7 13. Be2 Rc8 14. O-O-O Na5 15. Qxd7 Be4 16. Qb5 Qf6 17. Qb4 Rc7 18. Qc3 Rfc8 19. Rd4 Bd5 20. b3 Bxf3 21. gxf3 Nc6 22. Rd3 Ne5 23. Rd4 Nxf3 24. Bxf3 Qxf3 25. Rhd1 h6 26. Qc2 f5 27. e4 b5 28. exf5 exf5 29. R1d3 Qh5 30. h4 bxc4 31. bxc4 Kh7 32. Kb2 Qf7 33. Rc3 Qf6 34. Qd3 Rb7+ 35. Rb3 Rd8 36. Rxb7 Rxd4 37. Qc3 Qxh4 38. Kb3 Qxf2 39. Rxa7 Qf4 40. Rb7 Qe4 0-1


[Site "https://www.chess.com"]

[Event "Titled Tuesday Blitz April 12 Late 2022"]
[White "Rego, Vinicius V. de Almeida"]
[Black "Kalavannan, Koby"]
[WhiteFideId "2106485"]
[BlackFideId "425753"]
[WhiteElo "2345"]
[BlackElo "1927"]
[Result "0-1"]
[Round "04"]
[TimeControl "180+1"]
[Date "2022.04.13"]
[WhiteClock "0:01:55"]
[BlackClock "0:01:49"]

1. Nf3 c5 2. c4 Nc6 3. d4 cxd4 4. Nxd4 g6 5. Nc3 d6 6. e4 Nf6 7. Be2 Nxd4 8. Qxd4 Bg7 9. Bg5 O-O 10. O-O a5 11. Rac1 a4 12. Qd2 Qa5 13. Rfd1 Be6 14. f3 Rfc8 15. Nd5 Qxd2 16. Bxd2 Nxd5 17. cxd5 Bd7 18. Rxc8+ Rxc8 19. b3 Rc2 20. bxa4 Bxa4 21. a3 Rb2 22. Kf1 Bxd1 23. Bxd1 Rxd2 0-1


[Site "https://www.chess.com"]

[Event "Titled Tuesday Blitz April 12 Late 2022"]
[White "Reprintsev, Alexander"]
[Black "Zhou, Qiyu"]
[WhiteFideId "14100541"]
[BlackFideId "505161"]
[WhiteElo "2108"]
[BlackElo "1925"]
[Result "0-1"]
[Round "04"]
[TimeControl "180+1"]
[Date "2022.04.13"]
[WhiteClock "0:00:01"]
[BlackClock "0:00:03"]

1. e4 c5 2. b3 d6 3. Bb2 e5 4. f4 Nc6 5. Qf3 Nf6 6. Bb5 Qc7 7. Nc3 a6 8. Bxc6+ Qxc6 9. h3 Be7 10. Nge2 Be6 11. f5 Bd7 12. g4 h6 13. h4 O-O-O 14. O-O-O Kb8 15. g5 hxg5 16. hxg5 Nh7 17. g6 fxg6 18. Nd5 Bf6 19. fxg6 Ng5 20. Qg2 Bh3 21. Qg1 Nxe4 22. c4 Be6 23. d3 Rxh1 24. Qxh1 Nf2 25. Qf3 Nxd1 26. Kxd1 Rf8 27. Nec3 Qe8 28. Qg2 Bf5 29. Ne4 Qxg6 30. Qxg6 Bxg6 31. Nxd6 Bxd3 32. Kd2 Bg6 33. Ke3 Bg5+ 34. Ke2 Bh5+ 35. Kd3 Bf6 36. Ba3 Bg6+ 37. Ke2 Rh8 38. Bxc5 Rh2+ 39. Kf3 Rxa2 40. Ne4 Bxe4+ 41. Kxe4 Re2+ 42. Kf5 Rb2 43. b4 Rg2 44. Ke6 e4 45. Kf5 Re2 46. Kf4 Rc2 47. Ne3 Re2 48. Kxe4 Bg5 49. Kf3 Re1 50. Nd5 Bf6 51. Bd6+ Kc8 52. Nb6+ Kd8 53. c5 Rb1 54. Nd5 Rd1 55. Nb6 Rd3+ 56. Ke4 Rb3 57. Nd5 Rh3 58. Kf5 Rh4 0-1


[Site "https://www.chess.com"]

[Event "Titled Tuesday Blitz April 12 Late 2022"]
[White "Riff, Vincent"]
[Black "Gracia Alvarez, Gerardo Antonio"]
[WhiteFideId "617776"]
[BlackFideId "5109124"]
[WhiteElo "2377"]
[BlackElo "2139"]
[Result "1-0"]
[Round "04"]
[TimeControl "180+1"]
[Date "2022.04.13"]
[WhiteClock "0:00:45"]
[BlackClock "0:00:35"]

1. e4 c5 2. Nc3 Nc6 3. Bb5 Nd4 4. Nf3 e6 5. Bc4 a6 6. d3 b5 7. Bb3 Nxb3 8. axb3 Bb7 9. O-O d6 10. Ne2 Nf6 11. Ng3 Be7 12. c4 O-O 13. h3 Qc7 14. Bf4 Qb6 15. Qc2 Rfd8 16. Bd2 d5 17. Ba5 Qc6 18. Bxd8 Rxd8 19. cxd5 exd5 20. Nf5 Bf8 21. e5 Nh5 22. d4 Nf4 23. Qd2 Ne6 24. Ng5 Qb6 25. Nxe6 fxe6 26. Nd6 Bxd6 27. exd6 Qxd6 28. dxc5 Qxc5 29. Rfe1 d4 30. Rac1 Qd5 31. f3 h6 32. Rc7 e5 33. Re4 Re8 34. Rg4 g5 35. Rxg5+ 1-0


[Site "https://www.chess.com"]

[Event "Titled Tuesday Blitz April 12 Late 2022"]
[White "Romero Ruscalleda, Josep"]
[Black "Adewumi, Tanitoluwa"]
[WhiteFideId "2231859"]
[BlackFideId "30966396"]
[WhiteElo "2301"]
[BlackElo "2534"]
[Result "1-0"]
[Round "04"]
[TimeControl "180+1"]
[Date "2022.04.13"]
[WhiteClock "0:00:41"]
[BlackClock "0:00:03"]

1. e4 c5 2. c3 Nf6 3. e5 Nd5 4. Nf3 Nc6 5. Bc4 Nb6 6. Bb3 c4 7. Bc2 d6 8. exd6 Qxd6 9. O-O Bg4 10. Re1 O-O-O 11. Qe2 e5 12. Na3 f5 13. Nxc4 Nxc4 14. Qxc4 e4 15. Nd4 Kb8 16. Nxc6+ bxc6 17. d3 Qd5 18. Bf4+ Kb7 19. Qxd5 cxd5 20. d4 Bd6 21. Bxd6 Rxd6 22. h3 Bh5 23. a4 g5 24. b4 g4 25. Kh2 Rg8 26. hxg4 Bxg4 27. Bd1 Rh6+ 28. Kg1 Bf3 29. Bxf3 exf3 30. Re7+ Ka8 31. g3 f4 32. Rae1 fxg3 33. Re8+ Rxe8 34. Rxe8+ Kb7 35. fxg3 Rc6 36. Re3 a5 37. bxa5 Rc5 38. dxc5 1-0


[Site "https://www.chess.com"]

[Event "Titled Tuesday Blitz April 12 Late 2022"]
[White "Rustemov, Alexander"]
[Black "Romanchuk, Viktor"]
[WhiteFideId "4119002"]
[BlackFideId "14109271"]
[WhiteElo "2794"]
[BlackElo "2242"]
[Result "1-0"]
[Round "04"]
[TimeControl "180+1"]
[Date "2022.04.12"]
[WhiteClock "0:00:26"]
[BlackClock "0:00:16"]

1. Nf3 d5 2. d4 Nf6 3. c4 c6 4. Qc2 dxc4 5. Qxc4 Bf5 6. g3 e6 7. Bg2 Nbd7 8. O-O Be7 9. e3 O-O 10. Qe2 Ne4 11. Rd1 Qc7 12. Ne1 e5 13. f3 Nef6 14. e4 Be6 15. Be3 exd4 16. Bxd4 Bc5 17. Bxc5 Nxc5 18. Nc3 Rad8 19. Qe3 b6 20. Bf1 Rxd1 21. Rxd1 Rd8 22. Rd2 Rxd2 23. Qxd2 Qd7 24. Qxd7 Ncxd7 25. Kf2 Kf8 26. Ke3 Ke7 27. Nd3 Bc4 28. b3 Ba6 29. Be2 Ne8 30. f4 f6 31. Bg4 Nd6 32. Nb4 Bb7 33. Bf3 Kd8 34. h4 Kc7 35. Nd3 Nf7 36. Bh5 Nd6 37. Bg4 Nf7 38. Be6 Nd8 39. Bg8 h6 40. b4 Kd6 41. a3 Ne6 42. g4 Ke7 43. Bxe6 Kxe6 44. f5+ Kd6 45. Kf4 Ba6 46. Ne1 Ne5 47. Nf3 Nxf3 48. Kxf3 c5 49. b5 Bb7 50. Kf4 Ba8 51. g5 hxg5+ 52. hxg5 Bb7 53. a4 Ba8 54. g6 Bb7 55. Ne2 c4 56. Ng3 c3 57. Ke3 Ke5 58. Nh5 Bxe4 59. Nxg7 Bxf5 60. Nxf5 Kxf5 61. g7 1-0


[Site "https://www.chess.com"]

[Event "Titled Tuesday Blitz April 12 Late 2022"]
[White "Rytenko, Vsevolod"]
[Black "Pein, Jonathan"]
[WhiteFideId "14133040"]
[BlackFideId "417092"]
[WhiteElo "2120"]
[BlackElo "2140"]
[Result "1-0"]
[Round "04"]
[TimeControl "180+1"]
[Date "2022.04.13"]
[WhiteClock "0:00:34"]
[BlackClock "0:00:15"]

1. e4 e5 2. Nf3 Nc6 3. Bb5 d6 4. c3 Nf6 5. d4 Bd7 6. d5 Ne7 7. Bd3 g6 8. c4 Bg7 9. Nc3 c6 10. Bg5 h6 11. Be3 O-O 12. h3 Nh5 13. Qd2 Nf4 14. Bxf4 exf4 15. Qxf4 cxd5 16. cxd5 b5 17. Qxd6 b4 18. Qxb4 Rb8 19. Qa3 Qb6 20. O-O-O Rfc8 21. Nd2 Qxf2 22. Rhf1 Qxg2 23. Qxe7 Be8 24. e5 Qxd5 25. Qxe8+ Kh7 26. Nc4 Qg2 27. Qxf7 Rxc4 28. Qxg6+ Qxg6 29. Bxg6+ Kxg6 30. Rg1+ Kh7 31. Rd7 Rg8 32. Rxa7 Kh8 33. Kc2 Bxe5 34. Rxg8+ Kxg8 35. a4 Rh4 36. Nd5 Bg7 37. Ne7+ 1-0


[Site "https://www.chess.com"]

[Event "Titled Tuesday Blitz April 12 Late 2022"]
[White "Sadilek, Peter"]
[Black "Pinheiro, Iung Alicio de O."]
[WhiteFideId "1616439"]
[BlackFideId "2104350"]
[WhiteElo "2145"]
[BlackElo "2535"]
[Result "1-0"]
[Round "04"]
[TimeControl "180+1"]
[Date "2022.04.13"]
[WhiteClock "0:00:04"]
[BlackClock "0:00:05"]

1. d4 Nf6 2. Nf3 g6 3. c4 Bg7 4. Nc3 O-O 5. e4 d6 6. Be2 Na6 7. O-O e5 8. d5 Nc5 9. Qc2 a5 10. Bg5 h6 11. Be3 Nfd7 12. Nd2 f5 13. f3 h5 14. b3 Kh7 15. a3 Bh6 16. Bxh6 Kxh6 17. b4 Na6 18. Nb3 axb4 19. axb4 Qg5 20. Qc1 Qxc1 21. Rfxc1 Nb6 22. c5 dxc5 23. bxc5 Nd7 24. Nb5 Rb8 25. c6 bxc6 26. Rxc6 Nb4 27. Rxc7 fxe4 28. fxe4 Nf6 29. Nc5 Bg4 30. Bf1 Nc2 31. Rc1 Ne3 32. Nd6 Rb2 33. Nf7+ Kg7 34. Nxe5+ Kh6 35. h3 Be2 36. Ncd3 Rd2 37. Bxe2 Rxe2 38. Nf4 Ra2 39. Nf7+ Kg7 40. Ng5+ Kh6 41. Nf7+ Rxf7 42. Rxf7 Nxe4 43. Re1 g5 44. Rxe3 Ra1+ 45. Kh2 Nd6 46. Re6# 1-0


[Site "https://www.chess.com"]